 Dungeon Crawl Stone Soup version 0.29.1-1-gd02db6906a (webtiles) character file.

Game seed: 1768044010641686744

100 H0rd4k the Insei (level 4, -6/28 HPs)
             Began as an Octopode Transmuter on Oct 17, 2022.
             Mangled by Terence
             ... wielding a +0 antimagic trident
              (7 damage)
             ... on level 3 of the Dungeon.
             The game lasted 00:01:56 (2680 turns).

H0rd4k the Insei (Octopode Transmuter)              Turns: 2680, Time: 00:01:56

Health: -6/28      AC:  1    Str:  9    XL:     4   Next: 73%
Magic:  3/7        EV: 13    Int: 17    God:
Gold:   150        SH:  0    Dex: 12    Spells: 6/7 levels left

rFire   . . .      SeeInvis .     - Unarmed
rCold   . . .      Faith    .   (no shield)
rNeg    . . .      Spirit   .   (helmet restricted)
rPois   .          Reflect  .   (no amulet)
rElec   .          Harm     .   (no ring)
rCorr   .          Rampage  .   (no ring)
Will    .....                   (no ring)
Stlth   +++.......              (no ring)
HPRegen 0.09/turn               (no ring)
MPRegen 0.10/turn               (no ring)
                                (no ring)
                                (no ring)

@: no status effects
A: almost no armour, amphibious, 8 rings, camouflage 1, gelatinous body 1,
(nimble swimmer 1), tentacles
a: no special abilities


You were on level 3 of the Dungeon.
You visited 1 branch of the dungeon, and saw 3 of its levels.

You collected 150 gold pieces.

Inventory:

Missiles
 b - a throwing net
Jewellery
 k - a ring of see invisible
 l - a ring of poison resistance
Scrolls
 d - 2 scrolls of identify {unknown}
 g - a scroll of vulnerability {unknown}
 h - 4 scrolls of fear {unknown}
 j - a scroll of enchant armour {unknown}
 n - a scroll of enchant weapon {unknown}
 o - 3 scrolls of immolation {unknown}
 p - a scroll of magic mapping {unknown}
Potions
 a - a potion of lignification
 c - a potion of mutation {unknown}
 e - a potion of haste {unknown}
 f - 2 potions of heal wounds {unknown}
 i - a potion of ambrosia {unknown}
 m - a potion of cancellation {unknown}


   Skills:
 + Level 1.0 Fighting
 + Level 2.4 Dodging
 + Level 2.6 Stealth
 + Level 4.1 Unarmed Combat
 + Level 2.4 Spellcasting
 + Level 2.2 Transmutations


You had 6 spell levels left.
You knew the following spells:

 Your Spells              Type           Power      Damage    Failure   Level
a - Beastly Appendage     Tmut           18%        N/A       8%          1

Your spell library contained the following spells:

 Spells                   Type           Power      Damage    Failure   Level
 Wereblood                Tmut           9%         N/A       11%         2
 Spider Form              Tmut/Pois      5%         N/A       34%         3
 Ice Form                 Ice/Tmut       5%         N/A       75%         4


Dungeon Overview and Level Annotations

Branches:
Dungeon (3/15)

Altars:
Yredelemnul

Annotations:
D:2 exclusion: 2 downstairs
D:3 Terence


Innate Abilities, Weirdness & Mutations

You cannot wear most types of armour.
You are amphibious.
You can wear up to eight rings at the same time.
Your skin changes colour to match your surroundings (Stealth+).
Your rubbery body absorbs attacks. (AC +1, EV +1)
((You are camouflaged when in or above water. (Stealth+)))
You have tentacles for arms and can constrict up to eight enemies at once.


Message History

The slug dart hits you.
You tentacle-slap the dart slug.
You kill the dart slug!
An orc comes into view. It is wielding a +0 mace.
An orc is nearby!
An orc is nearby!
An orc is nearby!
Items here: ) [ ††.
There is a large open door here.
Items here: )) [ ††.
There is a large open door here.
Casting: Beastly Appendage (safe; 8% risk of failure)
Confirm with . or Enter, or press ? or * to list all spells.
One of your tentacles grows a vicious spike.
The orc shouts!
You tentacle-slap the orc but do no damage.
You grab the orc.
You pierce the orc.
You kill the orc!
Things that are here:
a +0 mace; a +0 chain mail; an orc corpse
There is an open door here.
Your transformation is almost over.
Your tentacle spike disappears.
An orc is nearby!
An orc is nearby!
An orc is nearby!
An orc is nearby!
No reachable target in view!
No reachable target in view!
The orc shouts! x3
There is an open door here.
An orc comes into view. It is wielding a +0 flail.
Terence shouts!
The orc shouts!
Terence hits you from afar with a +0 antimagic trident!
You feel your power leaking away.
The orc priest invokes the aid of Beogh against you.
Beogh smites you!
* * * LOW HITPOINT WARNING * * *
Terence hits you with a +0 antimagic trident!
You die...

...'...........# #......
#+...........)..# #.....<
#..#.#.#........# #..##..
####...............#####......
........#.#.#........'..........
.............oo......#####.####.
........#.#.#...o....#####.####.
..............##......##........
..........)...@@...........#####
...........#####...##.##.#######
...........##....####.##.#......
.....[.....##....# #..o.o....##.
..####...†.##....# #.###'###....
##..).##....# #.#.....#..#.
####...))'....###.#..o..#....
#.......##...)o.#.#.._..#.#..
#.......##....#...#.....#....


You could see Terence, an orc priest and an orc.

Vanquished Creatures
  An orc wizard (D:3)
  An adder (D:3)
  A gnoll (D:1)
  3 dart slugs (D:3)
  5 orcs (D:3)
  4 ball pythons
  5 bats
  3 endoplasms
  4 goblins
  4 hobgoblins
  4 jackals
  4 frilled lizards
  3 kobolds
  4 rats
46 creatures vanquished.

Notes
Turn   | Place    | Note
-------+----------+-------------------------------------------
     0 | D:1      | H0rd4k the Octopode Transmuter began the quest for the Orb.
     0 | D:1      | Reached XP level 1. HP: 13/13 MP: 3/3
   215 | D:1      | Found a faded altar of an unknown god.
   271 | D:1      | Reached XP level 2. HP: 16/18 MP: 5/5
   656 | D:1      | Reached XP level 3. HP: 17/23 MP: 6/6
  1175 | D:2      | You fall into a shaft and drop 1 floor!
  1192 | D:3      | Reached skill level 1 in Stealth
  1516 | D:3      | Noticed Terence
  2148 | D:3      | Found a basalt altar of Yredelemnul.
  2408 | D:3      | Reached XP level 4. HP: 24/28 MP: 7/7
  2475 | D:3      | Reached skill level 4 in Unarmed Combat
  2680 | D:3      | HP: 1/28 [orc priest/divine providence (13)]
  2680 | D:3      | Mangled by Terence

Illustrated notes

Levels and vault maps discovered:
D:1:      eino_arrival_water_star, layout_basic,
          shapermc_ecumenical_altar_totnotflames, grunt_decor_junction
D:2:      layout_loops_cross
D:3:      layout_basic, amcnicky_altar_gilded, serial_glass, glass_columns_b,
          glass_columns_a, minmay_diced_spiral, uniq_terence

Skill      XL: |  1  2  3  4 |
---------------+-------------+-----
Stealth        | 1 2 |  2.6
Unarmed Combat | 4 |  4.1
Fighting       | |  1.0
Dodging        | |  2.4
Spellcasting   | |  2.4
Transmutations | |  2.2

Action                   |  1- 3 |  4- 6 || total
-------------------------+-------+-------++-------
Melee: Unarmed           |    68 |    21 ||    89
       Constrict         |    23 |     9 ||    32
       Tentacles         |    17 |     4 ||    21
       Kick              |     2 |     7 ||     9
       Punch             |     2 |       ||     2
 Cast: Beastly Appendage |     2 |     3 ||     5
 Stab: Sleeping          |    12 |       ||    12
Armor: Skin              |    11 |     1 ||    12
Dodge: Dodged            |    40 |    14 ||    54
